[Event "DSAM Bad Wildungen 2024"]
[Site "Bad Wildungen"]
[Date "2024.08.01"]
[Round "1.22"]
[White "Reinecke, Katharina"]
[Black "Rangosch, Lukas"]
[Result "1/2-1/2"]
[Annotator "RC"]
[ECO "D02"]
[WhiteElo "1949"]
[BlackElo "1953"]
[PlyCount "155"]
[EventDate "2024.07.31"]
[EventCountry "GER"]
[SourceTitle "playchess.com"]
[Source "ChessBase"]
[SourceQuality "1"]
[TimeControl "40/5400+30:900+30"]

1. d4 c5 2. c3 Nf6 3. Nf3 e6 4. g3 d5 5. Bg2 Nc6 6. O-O Be7 7. dxc5 Bxc5 8. Nbd2 O-O 9. b4 Bd6 10. a4 e5 11. Nb3 h6 12. Nfd2 Be6 13. Ba3 Qe7 14. Qc1 Rac8 15. Qb2 b6 16. e4 a5 17. b5 Bxa3 18. Rxa3 Nb8 19. Raa1 Nbd7 20. Rac1 Nc5 21. Nxc5 Rxc5 22. f4 exf4 23. gxf4 dxe4 24. Nxe4 Nxe4 25. Bxe4 Bd5 26. Bxd5 Rxd5 27. c4 Qc5+ 28. Qf2 Rf5 29. Qxc5 Rxc5 30. Rfd1 Re8 31. Rd6 Re4 32. Rxb6 Rexc4 33. Rxc4 Rxc4 34. Ra6 Rxa4 35. Kg2 Ra3 36. b6 Rb3 37. Ra8+ Kh7 38. Rxa5 Rxb6 39. Ra3 f5 40. Ra5 Kg6 41. Ra3 Kf6 42. Ra8 g5 43. fxg5+ hxg5 44. Ra2 Rb4 45. Re2 Kg6 46. Ra2 Kh5 47. Rf2 f4 48. Ra2 Rb3 49. Rf2 Kg4 50. Ra2 Kh4 51. Rf2 Re3 52. Ra2 g4 53. Ra8 Re2+ 54. Kg1 Rd2 55. Rh8+ Kg5 56. Rg8+ Kf5 57. Re8 Rd5 58. Re2 Rd3 59. Ra2 Ke4 60. Kf2 Rf3+ 61. Kg2 Rc3 62. Kf2 Kd3 63. Ra1 Rc2+ 64. Kg1 f3 65. Rd1+ Ke2 66. Rf1 Ke3 67. Ra1 Rd2 68. Re1+ Re2 69. Ra1 Rg2+ 70. Kh1 Rd2 71. Kg1 Ke2 72. Rf1 Rd1 73. Rxd1 Kxd1 74. Kf2 Kd2 75. h3 gxh3 76. Kxf3 h2 77. Kg2 h1=Q+ 78. Kxh1 1/2-1/2

[Event "DSAM Bad Wildungen 2024"]
[Site "Bad Wildungen"]
[Date "2024.08.01"]
[Round "1.23"]
[White "Dorendorf, Mika"]
[Black "Bursian, Tim"]
[Result "1-0"]
[Annotator "RC"]
[ECO "D10"]
[WhiteElo "1959"]
[BlackElo "1798"]
[PlyCount "47"]
[EventDate "2024.07.31"]
[EventCountry "GER"]
[SourceTitle "playchess.com"]
[Source "ChessBase"]
[SourceQuality "1"]
[TimeControl "40/5400+30:900+30"]

1. d4 d5 2. c4 c6 3. cxd5 cxd5 4. Nc3 Nf6 5. Bf4 a6 6. e3 e6 7. Bd3 Be7 8. Nf3 O-O 9. O-O Nbd7 10. h3 Re8 11. Rc1 Nf8 12. Nb5 axb5 13. Bc7 Qxc7 14. Rxc7 Bd6 15. Rc1 Rxa2 16. Bxb5 Bd7 17. Bxd7 N8xd7 18. Qb3 Rea8 19. Qxb7 h6 20. Rc8+ Rxc8 21. Qxc8+ Kh7 22. Qc6 Bb4 23. Qc2+ Ne4 24. Qb3 1-0

[Event "DSAM Bad Wildungen 2024"]
[Site "Bad Wildungen"]
[Date "2024.08.01"]
[Round "1.24"]
[White "Kubiak, Manfred"]
[Black "Roenker, Sebastian"]
[Result "0-1"]
[Annotator "RC"]
[ECO "A59"]
[WhiteElo "1902"]
[BlackElo "1851"]
[PlyCount "74"]
[EventDate "2024.07.31"]
[EventCountry "GER"]
[SourceTitle "playchess.com"]
[Source "ChessBase"]
[SourceQuality "1"]
[TimeControl "40/5400+30:900+30"]

1. d4 Nf6 2. Nf3 g6 3. c4 c5 4. d5 b5 5. cxb5 a6 6. bxa6 Bxa6 7. Nc3 d6 8. e4 Bxf1 9. Kxf1 Nbd7 10. g3 Bg7 11. Kg2 O-O 12. Qe2 Qb6 13. Rb1 Ng4 14. Bd2 Rfb8 15. h3 Nge5 16. Nxe5 Nxe5 17. f4 Nd7 18. a3 Qb3 19. Qd1 c4 20. Qxb3 Rxb3 21. Rhc1 Nc5 22. Ne2 Nxe4 23. Bb4 Rc8 24. Bc3 Bxc3 25. Nxc3 Nd2 26. Ra1 Rxb2 27. Ra2 Rcb8 28. Rc2 Rxa2 29. Nxa2 Ne4 30. Nb4 c3 31. Kf3 f5 32. g4 Kf7 33. Ke3 Ra8 34. Ra2 Nc5 35. Kd4 Ne4 36. Kc4 Ra5 37. g5 Rc5+ 0-1

[Event "DSAM Bad Wildungen 2024"]
[Site "Bad Wildungen"]
[Date "2024.08.01"]
[Round "1.25"]
[White "Kraus, Linus"]
[Black "Sklorz, Tobias"]
[Result "0-1"]
[Annotator "NA RC"]
[ECO "D02"]
[WhiteElo "1893"]
[BlackElo "1848"]
[PlyCount "104"]
[EventDate "2024.07.31"]
[EventCountry "GER"]
[SourceTitle "playchess.com"]
[Source "ChessBase"]
[SourceQuality "1"]
[TimeControl "40/5400+30:900+30"]

1. Nf3 Nf6 2. g3 d5 3. Bg2 c5 4. O-O Nc6 5. d4 cxd4 6. Nxd4 e5 7. Nxc6 bxc6 8. c4 h6 {[%emt 0:07:04] D02: 1 d4 d5 2 Nf3 sidelines, including 2...Nf6 3 g3 and 2...Nf6 3 Bf4.} 9. Nc3 Be6 10. Qa4 Qd7 11. cxd5 cxd5 12. Qxd7+ Kxd7 13. Rd1 Kd6 14. Nxd5 Nxd5 15. Bxd5 Bxd5 16. e4 Rb8 17. Rxd5+ Ke6 18. Ra5 Rb7 19. b3 Bd6 20. Be3 Bb8 21. Ra6+ Ke7 22. Bc5+ Ke8 $18 23. Rd1 f6 24. Kf1 Kf7 25. Ke2 Rc8 26. b4 Rcc7 27. Rd8 Rd7 28. Rxd7+ Rxd7 29. Rc6 Kg6 30. Rc8 Bd6 31. a4 Bxc5 32. Rxc5 Rd4 33. Rb5 Rxe4+ 34. Kf3 Rd4 35. a5 Kf5 36. Rb7 g5 37. a6 g4+ 38. Ke3 Ke6 39. b5 Rb4 40. Rb8 Ra4 41. Kd3 Kd5 42. Rb7 Kc5 43. Rxa7 Kxb5 44. Rh7 Rxa6 45. Rxh6 Rd6+ 46. Ke4 f5+ 47. Kxe5 Rxh6 48. Kxf5 Rxh2 49. Kxg4 Rxf2 50. Kh5 Kc6 51. g4 Kd7 52. Kh6 Ke8 0-1

[Event "DSAM Bad Wildungen 2024"]
[Site "Bad Wildungen"]
[Date "2024.08.01"]
[Round "1.26"]
[White "Kostowski, Ireneus"]
[Black "Arp, Piotr Alexander"]
[Result "0-1"]
[Annotator "NA RC"]
[ECO "B08"]
[WhiteElo "1875"]
[BlackElo "1863"]
[PlyCount "60"]
[EventDate "2024.07.31"]
[EventCountry "GER"]
[SourceTitle "playchess.com"]
[Source "ChessBase"]
[SourceQuality "1"]
[TimeControl "40/5400+30:900+30"]

1. d4 Nf6 2. Nf3 g6 3. Nc3 Bg7 4. e4 d6 5. Be3 O-O 6. Qd2 Ng4 7. Bg5 h6 {[%emt 0:02:31] B08: Pirc Defence: Classical System.} 8. h3 Nxf2 9. Qxf2 hxg5 10. Nxg5 Bh6 11. h4 ({Don't play} 11. Qh4 Kg7 12. Nf3 Nc6 $11) 11... e5 (11... Nc6 $11) 12. Nd5 $2 (12. Bc4 $16 Bxg5 13. hxg5 Qxg5 14. Nd5) 12... f5 13. Bc4 Kg7 14. Rf1 c6 15. Nc3 Bxg5 16. hxg5 Qxg5 17. Rd1 b5 18. Bd3 f4 19. d5 b4 20. Nb1 cxd5 21. exd5 Nd7 22. Nd2 Nc5 23. Ne4 Nxe4 24. Bxe4 Bf5 25. Bxf5 Qxf5 26. Rh1 f3 27. Rd3 Qe4+ 28. Kd2 fxg2 29. Qh4 gxh1=Q 30. Rh3 Qxd5+ 0-1

[Event "DSAM Bad Wildungen 2024"]
[Site "Bad Wildungen"]
[Date "2024.08.01"]
[Round "1.27"]
[White "Niemann, Silvio"]
[Black "Halas, Neele Zoe"]
[Result "1-0"]
[Annotator "RC"]
[ECO "C47"]
[WhiteElo "1904"]
[BlackElo "1785"]
[PlyCount "91"]
[EventDate "2024.07.31"]
[EventCountry "GER"]
[SourceTitle "playchess.com"]
[Source "ChessBase"]
[SourceQuality "1"]
[TimeControl "40/5400+30:900+30"]

1. e4 e5 2. Nf3 Nc6 3. Nc3 Nf6 4. h3 Be7 5. Bc4 O-O 6. a3 Nxe4 7. Nxe4 d5 8. Bxd5 Qxd5 9. Nc3 Qd8 10. O-O Bf5 11. d3 Re8 12. Be3 Bf8 13. Re1 f6 14. Nh4 Be6 15. Qf3 Nd4 16. Bxd4 Qxd4 17. Nf5 Qd7 18. g4 c6 19. Ne4 Bd5 20. Nfg3 Rad8 21. Rad1 Bxe4 22. Rxe4 Bc5 23. Rde1 Bd4 24. b3 Bc3 25. R1e2 Bb2 26. a4 c5 27. Kg2 Bd4 28. h4 Rf8 29. Qf5 Qc6 30. h5 Rf7 31. Kh3 Qd7 32. Qxd7 Rfxd7 33. Kg2 Kf7 34. f4 exf4 35. Rxf4 Re8 36. Ne4 Re5 37. c3 c4 38. bxc4 Bb6 39. d4 Ree7 40. Ng5+ Kg8 41. Ne6 Kf7 42. Rfe4 Ba5 43. Nc5 Rxe4 44. Nxe4 g6 45. hxg6+ Kxg6 46. Re3 1-0

[Event "DSAM Bad Wildungen 2024"]
[Site "Bad Wildungen"]
[Date "2024.08.01"]
[Round "1.28"]
[White "Mueller, Marius"]
[Black "Will, Jonas"]
[Result "0-1"]
[Annotator "RC"]
[ECO "C54"]
[WhiteElo "2026"]
[BlackElo "1868"]
[PlyCount "75"]
[EventDate "2024.07.31"]
[EventCountry "GER"]
[SourceTitle "playchess.com"]
[Source "ChessBase"]
[SourceQuality "1"]
[TimeControl "40/5400+30:900+30"]

1. e4 e5 2. Nf3 Nc6 3. Bc4 Bc5 4. c3 Nf6 5. d4 exd4 6. b4 Bb6 7. e5 d5 8. exf6 dxc4 9. Qe2+ Be6 10. b5 Nb8 11. fxg7 Rg8 12. cxd4 Rxg7 13. O-O c6 14. Rd1 Nd7 15. a4 Qf6 16. Nc3 Kf8 17. Ne4 Qg6 18. Ng3 Re8 19. Ne5 Nxe5 20. dxe5 Bg4 21. Qxc4 Bxd1 22. Ba3+ Kg8 23. Rxd1 Qg4 24. Qc2 cxb5 25. axb5 h5 26. Re1 h4 27. Re4 Qg5 28. Rxh4 Qxh4 29. Nf5 Qh7 30. Ne7+ Kh8 31. Qb2 Qe4 32. g3 Bd4 33. Qd2 Bxe5 34. Qh6+ Rh7 35. Qg5 Bd4 36. Bb4 Qb1+ 37. Kg2 Qxb4 38. Nd5 0-1

[Event "DSAM Bad Wildungen 2024"]
[Site "Bad Wildungen"]
[Date "2024.08.01"]
[Round "1.29"]
[White "Valean, David-Andrei"]
[Black "Schardt, Madeleine"]
[Result "1-0"]
[Annotator "NA RC"]
[ECO "D00"]
[WhiteElo "1762"]
[BlackElo "1799"]
[PlyCount "39"]
[EventDate "2024.07.31"]
[EventCountry "GER"]
[SourceTitle "playchess.com"]
[Source "ChessBase"]
[SourceQuality "1"]
[TimeControl "40/5400+30:900+30"]

1. d4 d5 2. Nc3 c6 3. Bf4 Nf6 4. e3 Bf5 5. f3 e6 6. g4 Bg6 7. h4 h6 8. Bd3 Bxd3 9. Qxd3 Bd6 10. Nge2 Qc7 11. O-O-O Nbd7 12. Bxd6 Qxd6 13. e4 dxe4 14. Nxe4 Qc7 15. g5 Nd5 16. Qa3 N7b6 17. Nd6+ Kd8 18. c4 Nf4 19. Nxf4 Nxc4 20. Nxe6+ 1-0

[Event "DSAM Bad Wildungen 2024"]
[Site "Bad Wildungen"]
[Date "2024.08.01"]
[Round "1.30"]
[White "Hankus, Dennis"]
[Black "Bauch, Martin"]
[Result "1/2-1/2"]
[Annotator "RC"]
[ECO "B22"]
[WhiteElo "1698"]
[BlackElo "1976"]
[PlyCount "72"]
[EventDate "2024.07.31"]
[EventCountry "GER"]
[SourceTitle "playchess.com"]
[Source "ChessBase"]
[SourceQuality "1"]
[TimeControl "40/5400+30:900+30"]

1. e4 c5 2. c3 Nf6 3. e5 Nd5 4. Nf3 e6 5. d4 cxd4 6. cxd4 d6 7. Bc4 Nb6 8. Bd3 Nc6 9. O-O Be7 10. Nc3 dxe5 11. dxe5 O-O 12. Re1 Nb4 13. Be4 Qxd1 14. Rxd1 Rd8 15. Rxd8+ Bxd8 16. b3 N4d5 17. Bb2 Nxc3 18. Bxc3 Nd5 19. Rd1 Bd7 20. Bxd5 exd5 21. Rxd5 Be6 22. Rd1 Rc8 23. Rc1 f6 24. Bb2 Rxc1+ 25. Bxc1 Kf7 26. exf6 gxf6 27. Nd4 Bd5 28. Be3 a6 29. f3 Ba5 30. Kf2 Kg6 31. Ne2 Bc7 32. Bf4 Bb6+ 33. Be3 Bc7 34. Nc3 Be6 35. g3 Be5 36. Ne4 Bd5 1/2-1/2

[Event "DSAM Bad Wildungen 2024"]
[Site "Bad Wildungen"]
[Date "2024.08.01"]
[Round "1.31"]
[White "Hoefle, Jan"]
[Black "Klaas, Tim"]
[Result "1-0"]
[Annotator "NA RC"]
[ECO "B22"]
[WhiteElo "1765"]
[BlackElo "1866"]
[PlyCount "81"]
[EventDate "2024.07.31"]
[EventCountry "GER"]
[SourceTitle "playchess.com"]
[Source "ChessBase"]
[SourceQuality "1"]
[TimeControl "40/5400+30:900+30"]

1. e4 c5 2. c3 d5 3. exd5 Qxd5 4. d4 Nf6 5. Nf3 Bg4 6. dxc5 Qxd1+ {[%emt 0:02:40] B22: Sicilian: 2 c3.} 7. Kxd1 Bxf3+ 8. gxf3 e6 9. Be3 Nbd7 10. Bb5 O-O-O 11. c6 bxc6 12. Ba6+ Kb8 13. Nd2 Bc5 14. Ke2 Nd5 15. Ne4 Be7 16. Bd2 h6 (16... f5 $1 {was preferrable.} 17. Ng3 h5) 17. a3 Kc7 18. b4 {[%emt 0:01:14] [#]} (18. c4 $11 {remains equal.} N5b6 19. b4) 18... Ne5 ({Black should try} 18... f5 $1 $17 19. Ng3 Bf6) 19. c4 $11 Kb6 20. cxd5 cxd5 21. b5 dxe4 22. Be3+ Bc5 23. Bxc5+ Kxc5 24. fxe4 Rd7 25. Rac1+ Kb6 26. Rhd1 Rhd8 27. Rxd7 Rxd7 28. Rc3 Rc7 29. Rg3 g6 30. f4 Nd7 31. Rd3 Nc5 32. Rd6+ Ka5 33. Ke3 Nxa6 34. bxa6 h5 35. Kd4 Rc2 36. h3 Rd2+ 37. Ke5 Rxd6 38. Kxd6 Kxa6 39. e5 Kb5 40. Ke7 g5 41. fxg5 1-0

[Event "DSAM Bad Wildungen 2024"]
[Site "Bad Wildungen"]
[Date "2024.08.01"]
[Round "1.32"]
[White "Schmitt, Philipp"]
[Black "Seum, Ferdinand"]
[Result "1-0"]
[Annotator "RC"]
[ECO "A04"]
[WhiteElo "2170"]
[BlackElo "1790"]
[PlyCount "125"]
[EventDate "2024.07.31"]
[EventCountry "GER"]
[SourceTitle "playchess.com"]
[Source "ChessBase"]
[SourceQuality "1"]
[TimeControl "40/5400+30:900+30"]

1. Nf3 Nf6 2. g3 c5 3. Bg2 Nc6 4. O-O e5 5. d3 d6 6. e4 Bg4 7. Nbd2 Qd7 8. c3 Be7 9. Qc2 O-O 10. Nc4 Bh3 11. Bg5 Bxg2 12. Kxg2 Ne8 13. Bxe7 Nxe7 14. Ne3 Kh8 15. Qb3 f5 16. Nxf5 Nxf5 17. exf5 Rxf5 18. Nh4 Rf7 19. Rae1 Nf6 20. h3 Raf8 21. Qc2 Nd5 22. Kh2 b6 23. a3 Rf6 24. c4 Ne7 25. Ng2 Nc6 26. f4 g5 27. Qc1 Rh6 28. f5 Rxf5 29. g4 Rxf1 30. Rxf1 Qxg4 31. Qe3 Kg7 32. Rf3 Qe6 33. Qxg5+ Rg6 34. Qe3 Nd4 35. Rg3 Nf5 36. Rxg6+ hxg6 37. Qf3 Nd4 38. Qb7+ Qf7 39. Qxf7+ Kxf7 40. Kg3 a6 41. Ne3 Ne2+ 42. Kf3 Nf4 43. Ke4 Nxh3 44. Kd5 Nf4+ 45. Kxd6 Nxd3 46. Kc6 Nxb2 47. Kxb6 Nd3 48. Kxa6 Ke6 49. a4 Kd6 50. Kb5 e4 51. a5 Nb4 52. a6 Nxa6 53. Kxa6 Ke5 54. Kb5 Kd4 55. Nc2+ Kd3 56. Kxc5 g5 57. Kd5 e3 58. Nxe3 Kxe3 59. c5 g4 60. c6 g3 61. c7 g2 62. c8=Q g1=Q 63. Qc5+ 1-0

[Event "DSAM Bad Wildungen 2024"]
[Site "Bad Wildungen"]
[Date "2024.08.01"]
[Round "1.33"]
[White "Dolidze, David"]
[Black "Reinschmidt, Bastin"]
[Result "1-0"]
[Annotator "NA RC"]
[ECO "B12"]
[WhiteElo "1720"]
[BlackElo "1775"]
[PlyCount "45"]
[EventDate "2024.07.31"]
[EventCountry "GER"]
[SourceTitle "playchess.com"]
[Source "ChessBase"]
[SourceQuality "1"]
[TimeControl "40/5400+30:900+30"]

1. e4 c6 2. d4 d5 3. f3 Qb6 4. Nc3 dxe4 5. fxe4 e5 6. dxe5 Be6 7. Bd3 Nd7 8. Nf3 h6 9. Bd2 g5 10. Na4 Qc7 11. O-O c5 12. c4 Bg7 13. Nc3 Nxe5 14. Nxe5 Bxe5 15. Nd5 Bxh2+ 16. Kh1 Qd6 17. Qh5 Bf4 18. Rxf4 Bxd5 19. exd5 gxf4 20. Bc3 Nf6 21. Qf5 f3 22. Bxf6 fxg2+ 23. Kg1 1-0

[Event "DSAM Bad Wildungen 2024"]
[Site "Bad Wildungen"]
[Date "2024.08.01"]
[Round "1.34"]
[White "Roth, Niklas"]
[Black "Meyer, Henry Paul"]
[Result "1-0"]
[Annotator "NA RC"]
[ECO "B08"]
[WhiteElo "1749"]
[BlackElo "1712"]
[PlyCount "49"]
[EventDate "2024.07.31"]
[EventCountry "GER"]
[SourceTitle "playchess.com"]
[Source "ChessBase"]
[SourceQuality "1"]
[TimeControl "40/5400+30:900+30"]

1. d4 Nf6 2. Bf4 g6 3. Nc3 Bg7 4. e4 d6 5. Qd2 Nbd7 6. Nf3 O-O 7. O-O-O Nb6 8. Bh6 Bxh6 9. Qxh6 Ng4 10. Qd2 Be6 11. Ng5 Rc8 12. f3 Nf6 13. g4 d5 14. e5 Nfd7 15. h4 Kg7 16. h5 Rh8 17. Bd3 c5 18. hxg6 hxg6 19. Nxe6+ fxe6 20. Qg5 Qe8 21. Rxh8 Qxh8 22. Qxe7+ Kg8 23. Qxe6+ Kf8 24. Bxg6 Qg7 25. Rh1 1-0

[Event "DSAM Bad Wildungen 2024"]
[Site "Bad Wildungen"]
[Date "2024.08.01"]
[Round "1.35"]
[White "Reuter, Marek"]
[Black "Schmitz, Christopher"]
[Result "1-0"]
[Annotator "NA RC"]
[ECO "B12"]
[WhiteElo "1761"]
[BlackElo "1817"]
[PlyCount "35"]
[EventDate "2024.07.31"]
[EventCountry "GER"]
[SourceTitle "playchess.com"]
[Source "ChessBase"]
[SourceQuality "1"]
[TimeControl "40/5400+30:900+30"]

1. e4 c6 2. d4 d5 3. f3 dxe4 4. fxe4 e5 5. Nf3 Bg4 6. Bc4 Bxf3 7. Qxf3 Nf6 8. dxe5 Qa5+ 9. Nd2 Qxe5 10. O-O Bc5+ 11. Kh1 Nbd7 12. Nb3 O-O 13. Bf4 Qxe4 14. Qc3 Bb6 $11 15. Rae1 Qg6 16. Bd3 Nd5 17. Bxg6 Nxc3 18. Bf5 1-0

[Event "DSAM Bad Wildungen 2024"]
[Site "Bad Wildungen"]
[Date "2024.08.01"]
[Round "1.36"]
[White "Sviridov, Vitaliy"]
[Black "Beyer, Michael"]
[Result "1-0"]
[Annotator "NA RC"]
[ECO "A43"]
[WhiteElo "1771"]
[BlackElo "1763"]
[PlyCount "95"]
[EventDate "2024.07.31"]
[EventCountry "GER"]
[SourceTitle "playchess.com"]
[Source "ChessBase"]
[SourceQuality "1"]
[TimeControl "40/5400+30:900+30"]

1. d4 c5 2. d5 d6 3. e4 g6 4. Nc3 Bg7 5. Bc4 Nf6 6. Bg5 Qa5 7. Qd2 a6 8. a4 b5 9. Bxf6 Bxf6 10. Be2 Nd7 11. Nf3 Nb6 12. O-O b4 13. Nd1 Bd7 14. Ra2 c4 15. b3 Bb5 16. Ne3 c3 17. Qd1 Bxe2 18. Qxe2 Nd7 19. Raa1 O-O 20. Rad1 Nc5 21. g3 Qc7 22. Nc4 Rfd8 23. Kg2 Bg7 24. h4 e6 25. Ng5 Ra7 26. f3 h6 27. Nh3 e5 28. Qe3 Raa8 29. Nf2 Nxa4 30. Ra1 Nc5 31. Na5 Rf8 32. Ra2 f5 33. Rfa1 f4 34. Qe1 fxg3 35. Kxg3 Qf7 36. Qe3 Qf4+ 37. Qxf4 Rxf4 38. Nh3 Rf7 39. Nc6 Raf8 40. Ng1 h5 41. Nxb4 Bh6 42. Nxa6 Bf4+ 43. Kg2 Nxe4 44. fxe4 Be3 45. Nh3 Rf3 46. Nc7 Bf2 47. Ra8 Rg3+ 48. Kh2 1-0

[Event "DSAM Bad Wildungen 2024"]
[Site "Bad Wildungen"]
[Date "2024.08.01"]
[Round "1.38"]
[White "Roessling, Laura Marie"]
[Black "Noll, Raphael"]
[Result "1/2-1/2"]
[Annotator "NA RC"]
[ECO "C43"]
[WhiteElo "1564"]
[BlackElo "1598"]
[PlyCount "93"]
[EventDate "2024.07.31"]
[EventCountry "GER"]
[SourceTitle "playchess.com"]
[Source "ChessBase"]
[SourceQuality "1"]
[TimeControl "40/5400+30:900+30"]

1. e4 e5 2. Nf3 Nf6 3. d4 Nxe4 4. Bd3 d5 5. Nxe5 Nd7 6. Nxd7 Bxd7 7. Nd2 Nxd2 8. Bxd2 Bd6 9. c3 Qh4 10. Qe2+ Be6 11. Bc2 O-O-O 12. O-O-O Rhe8 13. g3 Qf6 14. Be3 Bf5 15. Qf3 Bxc2 16. Qxf6 gxf6 17. Kxc2 Re4 18. Rhe1 Rde8 19. Kd2 f5 20. Bg5 Kd7 21. f3 R4e6 22. Rxe6 fxe6 23. Re1 h6 24. Bf6 h5 25. f4 Rg8 26. Re3 Rg6 27. Bg5 c5 28. Kd3 c4+ 29. Kc2 Rg8 30. Re1 b5 31. Rb1 b4 32. a3 bxa3 33. bxa3 Rb8 34. Rxb8 Bxb8 35. a4 Bc7 36. Bh6 Kc6 37. Bf8 Bd8 38. Bc5 a6 39. Kb2 h4 40. Ka3 hxg3 41. hxg3 Ba5 42. Bb4 Bc7 43. Bc5 Bd6 44. Bxd6 Kxd6 45. Kb4 Kc6 46. a5 Kd6 47. Ka4 1/2-1/2

[Event "DSAM Bad Wildungen 2024"]
[Site "Bad Wildungen"]
[Date "2024.08.01"]
[Round "1.39"]
[White "Doehn, Friedemann"]
[Black "Oezkurt, Kaan"]
[Result "1-0"]
[Annotator "NA RC"]
[ECO "D02"]
[WhiteElo "1776"]
[BlackElo "1678"]
[PlyCount "103"]
[EventDate "2024.07.31"]
[EventCountry "GER"]
[SourceTitle "playchess.com"]
[Source "ChessBase"]
[SourceQuality "1"]
[TimeControl "40/5400+30:900+30"]

1. d4 d5 2. Bf4 Nf6 3. Nf3 Bf5 4. e3 e6 5. h3 c5 6. Bd3 Qa5+ 7. c3 Be4 8. O-O Qb6 9. b3 Bd6 10. Bxd6 Qxd6 11. Bb5+ Nbd7 12. Ne5 a6 13. Bxd7+ Nxd7 14. Nxd7 Qxd7 15. dxc5 Qb5 16. b4 a5 17. a3 Bd3 18. Re1 Qc4 19. Qd2 O-O 20. Qb2 b6 21. Nd2 Qa6 22. cxb6 Qxb6 23. a4 Rfc8 24. b5 Rc7 25. Nb3 Rac8 26. Rac1 Rc4 27. Red1 Be4 28. Rd4 e5 29. Rxc4 Rxc4 30. Nd2 Rxa4 31. c4 Rb4 32. Qxe5 h6 33. Nxe4 dxe4 34. Qxe4 Qe6 35. Qa8+ Kh7 36. Qxa5 Rb2 37. Qc3 Ra2 38. c5 Qf5 39. Qe1 Rb2 40. b6 Qd5 41. c6 Rxb6 42. c7 Rg6 43. Qf1 Rc6 44. Rxc6 Qxc6 45. Qd3+ g6 46. Qd8 Qa6 47. c8=Q Qa1+ 48. Kh2 h5 49. Qg8+ Kh6 50. Qcf8+ Kg5 51. f4+ Kf5 52. Qgxf7+ 1-0

[Event "DSAM Bad Wildungen 2024"]
[Site "Bad Wildungen"]
[Date "2024.08.01"]
[Round "1.40"]
[White "Faust, Moritz"]
[Black "Calvi, Elias Francesco"]
[Result "1/2-1/2"]
[Annotator "NA RC"]
[ECO "B22"]
[WhiteElo "1517"]
[BlackElo "1613"]
[PlyCount "54"]
[EventDate "2024.07.31"]
[EventCountry "GER"]
[SourceTitle "playchess.com"]
[Source "ChessBase"]
[SourceQuality "1"]
[TimeControl "40/5400+30:900+30"]

1. e4 c5 2. Nf3 e6 3. c3 d5 4. exd5 Qxd5 5. d4 cxd4 6. cxd4 Nf6 7. Nc3 Qd8 8. Be2 Be7 9. O-O O-O 10. Be3 a6 11. Qc2 b5 12. Ne4 Bb7 13. Nxf6+ Bxf6 14. Qc5 Qd5 15. Rfc1 Nd7 16. Qxd5 Bxd5 17. b4 Nb6 18. Nd2 Rac8 19. Rc5 Be7 20. Rxc8 Rxc8 21. a3 f5 22. Nf3 Rc2 23. Bf1 Nc4 24. Bxc4 Bxc4 25. Ne5 Bd5 26. Rc1 Rxc1+ 27. Bxc1 Bf6 1/2-1/2

[Event "DSAM Bad Wildungen 2024"]
[Site "Bad Wildungen"]
[Date "2024.08.01"]
[Round "1.41"]
[White "Guevara Ruiz, Marvin Andres"]
[Black "Shanmuganathan, Adhav"]
[Result "0-1"]
[Annotator "RC"]
[ECO "D32"]
[WhiteElo "2096"]
[BlackElo "1659"]
[PlyCount "100"]
[EventDate "2024.07.31"]
[EventCountry "GER"]
[SourceTitle "playchess.com"]
[Source "ChessBase"]
[SourceQuality "1"]
[TimeControl "40/5400+30:900+30"]

1. d4 Nf6 2. c4 e6 3. Nc3 d5 4. e3 c5 5. Nf3 Nc6 6. cxd5 exd5 7. b3 cxd4 8. Nxd4 Bb4 9. Bd2 Nxd4 10. exd4 Qa5 11. Qc2 O-O 12. Bd3 Re8+ 13. Ne2 Bd7 14. a3 Bxd2+ 15. Qxd2 Qb6 16. O-O Ne4 17. Qb2 Rac8 18. Rac1 Rc6 19. Nf4 Rxc1 20. Rxc1 Qd6 21. g3 g5 22. Ng2 Re6 23. Re1 Rh6 24. Qc1 Qf6 25. Qe3 Qf5 26. Nh4 gxh4 27. Bxe4 Qxe4 28. Qg5+ Qg6 29. Qd8+ Kg7 30. Qxd7 hxg3 31. hxg3 Qh5 32. Kg2 Qh2+ 33. Kf1 Qh1+ 34. Ke2 Qe4+ 35. Kd2 Qxd4+ 36. Ke2 Re6+ 37. Kf1 Qd3+ 38. Kg2 Rxe1 39. Qg4+ Kf8 40. Qb4+ Re7 41. Qd6 Qe4+ 42. Kh2 Qe5 43. Qb4 Qh5+ 44. Kg2 Qe5 45. Kh2 d4 46. Qd2 Re6 47. Qb4+ Qd6 48. Qxb7 d3 49. Qc8+ Kg7 50. Qc3+ f6 0-1

[Event "DSAM Bad Wildungen 2024"]
[Site "Bad Wildungen"]
[Date "2024.08.01"]
[Round "1.42"]
[White "Spielmann, Jan"]
[Black "Scholz, Paul"]
[Result "1-0"]
[Annotator "NA RC"]
[ECO "C01"]
[WhiteElo "1667"]
[BlackElo "1592"]
[PlyCount "65"]
[EventDate "2024.07.31"]
[EventCountry "GER"]
[SourceTitle "playchess.com"]
[Source "ChessBase"]
[SourceQuality "1"]
[TimeControl "40/5400+30:900+30"]

1. e4 e6 2. d4 d5 3. exd5 exd5 4. Be3 Bf5 5. Bd3 Bxd3 6. Qxd3 c6 7. Nd2 Bd6 8. Ngf3 Nf6 9. h3 Nbd7 10. c3 h6 11. O-O-O Qa5 12. Rhe1 O-O-O 13. Kb1 b5 14. Nh4 g6 15. Rc1 Kb8 16. Nhf3 Qb6 17. Ne5 Rdf8 18. Ndf3 g5 19. Qf5 Qc7 20. Nxd7+ Nxd7 21. Ne5 Nb6 22. f4 f6 23. Ng6 Qh7 24. Qe6 gxf4 25. Qxd6+ Kb7 26. Bxf4 Qxg6+ 27. Ka1 Rc8 28. Re7+ Ka6 29. Qa3+ Na4 30. b3 Kb6 31. bxa4 a5 32. Qc5+ Ka6 33. Ra7# 1-0

[Event "DSAM Bad Wildungen 2024"]
[Site "Bad Wildungen"]
[Date "2024.08.01"]
[Round "1.44"]
[White "Betz, Niclas"]
[Black "Enns, Philipp"]
[Result "0-1"]
[Annotator "NA RC"]
[ECO "B12"]
[WhiteElo "1599"]
[BlackElo "1806"]
[PlyCount "68"]
[EventDate "2024.07.31"]
[EventCountry "GER"]
[SourceTitle "playchess.com"]
[Source "ChessBase"]
[SourceQuality "1"]
[TimeControl "40/5400+30:900+30"]

1. e4 c6 2. d4 d5 3. e5 c5 4. c3 cxd4 5. cxd4 Nc6 6. Nc3 {[%emt 0:01:05] B12: Caro-Kann: Advance Variation.} Bf5 7. a3 e6 8. Bb5 Qb6 9. Nf3 Nge7 10. O-O a6 11. Ba4 Bg4 12. Be3 Nf5 13. h3 Bxf3 14. Qxf3 Be7 15. g4 Nh4 16. Qg3 O-O 17. Bxc6 Qxc6 18. Rac1 Rac8 19. Ne2 Qb5 20. Nc3 Qxb2 21. Na4 Qxa3 22. Nb6 $19 (22. Ra1 $142 Qd3 23. Nc5 Bxc5 24. dxc5) 22... Rc6 23. Rxc6 bxc6 24. Rc1 a5 25. Rxc6 a4 26. Nc8 Ng6 27. Nd6 Qb4 28. f4 Bh4 29. Qf3 a3 30. f5 a2 31. Qf1 Qa3 32. fxg6 Qxe3+ 33. Kh1 fxg6 34. Nf7 Qf2 0-1

[Event "DSAM Bad Wildungen 2024"]
[Site "Bad Wildungen"]
[Date "2024.08.01"]
[Round "1.46"]
[White "Arne, Julius"]
[Black "Levytskyi, Oleksandr"]
[Result "1/2-1/2"]
[Annotator "NA RC"]
[ECO "D30"]
[WhiteElo "1475"]
[BlackElo "1580"]
[PlyCount "61"]
[EventDate "2024.07.31"]
[EventCountry "GER"]
[SourceTitle "playchess.com"]
[Source "ChessBase"]
[SourceQuality "1"]
[TimeControl "40/5400+30:900+30"]

1. d4 d5 2. Nf3 Nf6 3. Bf4 e6 4. e3 Nbd7 5. c4 c5 6. Be2 Be7 7. O-O O-O 8. Qb3 dxc4 9. Bxc4 Nb6 10. Rd1 Nxc4 11. Qxc4 Qb6 12. b3 Nd5 13. Bg3 cxd4 14. Qxd4 Bf6 15. Qxb6 Nxb6 16. Be5 Nd7 17. Bxf6 Nxf6 18. Nc3 Bd7 19. Ne4 Nxe4 20. Rxd7 Nc5 21. Rc7 Rfc8 22. Rxc8+ Rxc8 23. Rc1 Rc7 24. Kf1 Kf8 25. Ke2 h6 26. b4 Na6 27. Rxc7 Nxc7 28. Kd3 Ke7 29. Ne5 Kf6 30. Nd7+ Ke7 31. Ne5 1/2-1/2